 Dungeon Crawl Stone Soup version 0.18.1-6-gd335043 (webtiles) character file.

86 Guinours the Skirmisher (level 4, 0/35 HPs)
             Began as a Demonspawn Fighter on May 18, 2016.
             Slain by a gnoll
             ... wielding a +0 halberd
              (8 damage)
             ... on level 3 of the Dungeon.
             The game lasted 00:07:35 (2411 turns).

Guinours the Skirmisher (Demonspawn Fighter)        Turns: 2411, Time: 00:07:36

Health: 0/35       AC:  7    Str: 18    XL:     4   Next: 27%
Magic:  4/4        EV:  7    Int:  9    God:
Gold:   178        SH:  9    Dex: 12    Spells: 0 memorised, 3 levels left

rFire  . . .     SeeInvis .       - Unarmed
rCold  . . .     Gourm    .     a - +0 scale mail
rNeg   . . .     Faith    .     b - +0 shield
rPois  .         Spirit   .     (no helmet)
rElec  .         Dismiss  .     (no cloak)
rCorr  .         Reflect  .     (no gloves)
SustAt .         Harm     .     n - +0 pair of boots
MR     .....                    (no amulet)
Stlth  ..........               (no ring)
                                (no ring)

@: not resistant to hostile enchantments, extremely unstealthy
A: powered by pain 1
a: no special abilities


You were on level 3 of the Dungeon.
You were not hungry.

You visited 1 branch of the dungeon, and saw 3 of its levels.

You collected 178 gold pieces.

Inventory:

Armour
 a - a +0 scale mail (worn)
 b - a +0 shield (worn)
 n - a +0 pair of boots (worn)
Scrolls
 f - 2 scrolls of remove curse {unknown}
 h - a scroll of magic mapping {unknown}
 i - 3 scrolls of identify
 l - a scroll of fog {unknown}
Potions
 c - a potion of might
 e - a potion of curing
 m - a potion of cancellation {unknown}
Comestibles
 d - 3 bread rations
 g - a slice of pizza
 j - a meat ration
 k - 3 fruits


   Skills:
 + Level 3.5 Fighting
 + Level 3.1 Armour
 + Level 1.0 Dodging
 + Level 3.1 Shields
 * Level 2.8 Unarmed Combat


You had 3 spell levels left.
You didn't know any spells.

Dungeon Overview and Level Annotations

Branches:
Dungeon (3/15)

Altars:
Zin


Innate Abilities, Weirdness & Mutations

You sometimes gain a little power by taking damage.


Message History

You hit the jackal.
The jackal is moderately wounded.
You block the jackal's attack.
You hit the jackal but do no damage.
The jackal is moderately wounded.
The jackal closely misses you.
You closely miss the jackal.
The jackal is moderately wounded.
The jackal bites you. You block the gnoll's attack.
The jackal bites you but does no damage.
You closely miss the jackal.
The jackal is moderately wounded.
The jackal bites you but does no damage.
The gnoll hits you from afar with a halberd!
* * * LOW HITPOINT WARNING * * *
The jackal completely misses you.
You hit the jackal.
You kill the jackal!
The gnoll hits you from afar with a halberd!
You die...

... .. w.. #.. K. ...
.. ##.# l##..? # ...#
..# ###w.#...## #
####.g........ ..###
##.@hggl....... ...#
###..##wh........
#..###...#############
#..##.#####
#........##
####.........##
#.............#
#.....##..........#
..### #..........#


You could see 2 worms, 3 gnolls, a giant gecko and 2 jackals.

Vanquished Creatures
  A gnoll (D:1)
  An adder (D:2)
  An ooze (D:1)
  2 worms (D:2)
  A dart slug (D:1)
  2 giant geckos
  11 bats
  3 giant cockroaches
  7 hobgoblins
  4 jackals
  A quokka (D:2)
  A ball python (D:1)
  2 giant newts (D:1)
  3 goblins (D:1)
  7 kobolds
  5 rats
52 creatures vanquished.

Notes
Turn   | Place    | Note
--------------------------------------------------------------
     0 | D:1      | Guinours the Demonspawn Fighter began the quest for the Orb.
     0 | D:1      | Reached XP level 1. HP: 18/18 MP: 1/1
   214 | D:1      | Gained mutation: You sometimes gain a little power by taking damage. [demonic ancestry]
   214 | D:1      | Reached XP level 2. HP: 22/24 MP: 2/2
   486 | D:1      | Reached XP level 3. HP: 8/29 MP: 3/3
  1043 | D:1      | Reached skill level 1 in Dodging
  1371 | D:2      | Found a glowing silver altar of Zin.
  1465 | D:2      | Reached XP level 4. HP: 17/35 MP: 4/4
  2411 | D:3      | Slain by a gnoll

Skill      XL: |  1  2  3 |
---------------+----------+-----
Unarmed Combat | 2 |  2.8
Shields        | 3 |  3.1
Armour         | 3 |  3.1
Dodging        | 1 |  1.0
Fighting       | |  3.5

Action                   |  1- 3 |  4- 6 || total
-------------------------+-------+-------++-------
Melee: Unarmed           |   199 |    84 ||   283
  Use: Scroll            |       |     1 ||     1
  Eat: Meat ration       |     1 |       ||     1
Armor: Scale mail        |   103 |    26 ||   129
Dodge: Dodged            |    52 |    16 ||    68
Block: Shield            |    95 |    33 ||   128
